[Event "Titled Tuesday Blitz June 28 Late 2022"]
[White "Florescu, Codrut-Constantin"]
[Black "Prieto Aranguren, Alain"]
[WhiteFideId "1202200"]
[BlackFideId "2268906"]
[WhiteElo "2191"]
[BlackElo "2224"]
[Result "1-0"]
[Round "01"]
[TimeControl "180+1"]
[Date "2022.06.29"]
[WhiteClock "0:01:18"]
[BlackClock "0:00:07"]

1. d4 Nf6 2. Nf3 g6 3. c4 Bg7 4. Nc3 O-O 5. e4 c5 6. d5 d6 7. h3 e5 8. Bd3 Nh5 9. g3 Qe8 10. a3 f5 11. b4 Na6 12. Rb1 Qf7 13. Nb5 fxe4 14. Bxe4 Bf5 15. Nxd6 Qe7 16. Nxf5 gxf5 17. Bc2 cxb4 18. Ng5 Nf6 19. Bxf5 bxa3 20. O-O Kh8 21. Ra1 Nxd5 22. Bxh7 Nf4 23. gxf4 exf4 24. Qh5 Rf6 25. Bg6+ Kg8 26. Qh7+ Kf8 27. Bxa3 Nc5 28. Rfe1 Qc7 29. Ne6+ Rxe6 30. Rxe6 f3 31. Rf6+ 1-0


[Site "https://www.chess.com"]

[Event "Titled Tuesday Blitz June 28 Late 2022"]
[White "Flynn, Jacob"]
[Black "Rastbod, Ali"]
[WhiteFideId "2509393"]
[BlackFideId "12567477"]
[WhiteElo "1896"]
[BlackElo "2135"]
[Result "1/2-1/2"]
[Round "01"]
[TimeControl "180+1"]
[Date "2022.06.29"]
[WhiteClock "0:00:06"]
[BlackClock "0:00:05"]

1. d4 Nf6 2. c4 b6 3. Nc3 Bb7 4. Qc2 d5 5. cxd5 Nxd5 6. e4 Nxc3 7. bxc3 e5 8. Nf3 exd4 9. cxd4 Bb4+ 10. Bd2 Bxd2+ 11. Qxd2 Bxe4 12. Qe3 Qe7 13. Be2 Bd5 14. O-O Qxe3 15. fxe3 O-O 16. Rfc1 c6 17. Ne5 f6 18. Nd3 Re8 19. Kf2 Be4 20. a4 Nd7 21. Nb4 c5 22. Na6 cxd4 23. Nc7 dxe3+ 24. Kxe3 Bxg2+ 25. Nxe8 Rxe8+ 26. Kf2 Bd5 27. Rc7 Nc5 28. Rxa7 Ne4+ 29. Kf1 Nd2+ 30. Kf2 Ne4+ 31. Kf1 Nc3 32. Bb5 Nxb5 33. axb5 Bc4+ 34. Kf2 Bxb5 35. Ra8 Kf7 36. Rxe8 Bxe8 37. Ra7+ Kg6 38. Rb7 b5 39. Rb8 Bd7 40. Rb7 Bc6 41. Rb6 Be8 42. Rb8 Kf7 43. Rb7+ Kf8 44. Ke3 Bc6 45. Rb6 Bd7 46. Kd4 Ke7 47. h4 h5 48. Rb8 g5 49. Rh8 gxh4 50. Rxh5 h3 51. Ke3 Kd6 52. Kd4 b4 53. Kc4 Be6+ 54. Kxb4 f5 55. Kc3 Ke5 56. Kd2 Kf4 57. Ke1 Kg4 58. Rh7 Kg3 59. Kf1 h2 60. Rg7+ Kh3 61. Rh7+ Kg3 62. Rg7+ Kf4 63. Rh7 Bc4+ 64. Kf2 Bd5 65. Rxh2 Be4 66. Rh4+ Ke5 67. Rh8 Kf4 68. Rh4+ Ke5 69. Rh8 Kf4 70. Rh4+ 1/2-1/2


[Site "https://www.chess.com"]

[Event "Titled Tuesday Blitz June 28 Late 2022"]
[White "Gaehwiler, Gabriel"]
[Black "Chen, Max"]
[WhiteFideId "1314530"]
[BlackFideId "2622440"]
[WhiteElo "2754"]
[BlackElo "2412"]
[Result "1-0"]
[Round "01"]
[TimeControl "180+1"]
[Date "2022.06.29"]
[WhiteClock "0:00:32"]
[BlackClock "0:00:07"]

1. Nf3 Nf6 2. c4 g6 3. g3 Bg7 4. Bg2 O-O 5. O-O d5 6. cxd5 Nxd5 7. d4 Nc6 8. Nc3 Nb6 9. e3 e5 10. d5 Na5 11. e4 Nac4 12. b3 Nd6 13. Ba3 f5 14. Rc1 fxe4 15. Nd2 e3 16. fxe3 Qg5 17. Re1 Bg4 18. Qc2 Qf5 19. Qxf5 gxf5 20. Bxd6 cxd6 21. Nb5 Rfd8 22. Nc7 Rac8 23. Ne6 Re8 24. Nc7 Red8 25. h3 Bh5 26. Rf1 Bg6 27. Ne6 Re8 28. Nc4 Nxc4 29. bxc4 b6 30. Kf2 h6 31. Ke2 Re7 32. h4 Bh5+ 33. Kd2 Bg4 34. Bf3 Rf7 35. Bxg4 fxg4 36. Kd3 h5 37. Ng5 Re7 38. Ne4 Rd7 39. a4 a6 40. Rb1 Rb8 41. Rf5 b5 42. axb5 axb5 43. Rxb5 Rxb5 44. cxb5 Ra7 45. Nxd6 Ra3+ 46. Kc4 Rxe3 47. b6 Re1 48. b7 Rc1+ 49. Kb5 Rb1+ 50. Kc6 Rc1+ 51. Kb6 Rb1+ 52. Nb5 1-0


[Site "https://www.chess.com"]

[Event "Titled Tuesday Blitz June 28 Late 2022"]
[White "Gatterer, Florian"]
[Black "Adewumi, Tanitoluwa"]
[WhiteFideId "811688"]
[BlackFideId "30966396"]
[WhiteElo "2218"]
[BlackElo "2659"]
[Result "0-1"]
[Round "01"]
[TimeControl "180+1"]
[Date "2022.06.29"]
[WhiteClock "0:00:03"]
[BlackClock "0:00:06"]

1. d4 Nf6 2. Nf3 e6 3. g3 b6 4. Bg2 Bb7 5. O-O Be7 6. c4 O-O 7. Re1 Ne4 8. Nbd2 Nxd2 9. Bxd2 d6 10. e4 Nd7 11. b4 g6 12. Bc3 Bf6 13. Qb3 Bg7 14. a4 a6 15. a5 b5 16. c5 Qe7 17. Rad1 Rfe8 18. h4 Rad8 19. h5 Nf6 20. hxg6 hxg6 21. cxd6 cxd6 22. Nd2 Rc8 23. Bb2 Bh6 24. f4 Ng4 25. Bf3 Nf6 26. Kg2 Bg7 27. Rc1 Qd7 28. Qd3 e5 29. fxe5 dxe5 30. d5 Bh6 31. Rxc8 Rxc8 32. Rc1 Rxc1 33. Bxc1 Ng4 34. Bxg4 Qxg4 35. Qf3 Qc8 36. Qd1 Qc3 37. Nb3 Bxc1 38. Nxc1 f5 39. Ne2 Qc4 40. exf5 Bxd5+ 41. Kf2 gxf5 42. Qd2 Kf7 43. Qg5 Qe4 44. Qh5+ Kg7 45. Qg5+ Kf7 46. Qh5+ Ke7 47. Qh7+ Bf7 48. Qh6 Qxb4 49. Qg5+ Kd7 50. Qxf5+ Be6 51. Qxe5 Qxa5 52. Nd4 Qb6 53. Ke3 b4 54. Qg7+ Kd6 55. Qf6 Kd5 56. Qg5+ Kc4 57. Qf6 b3 58. Qf1+ Kd5 59. Qf3+ Kd6 60. Qf4+ Kd7 61. Qf1 b2 62. Qb1 Ba2 63. Qh7+ Kc8 64. Qh8+ Kb7 65. Qh7+ Qc7 66. Qe4+ Ka7 67. Qd3 b1=Q 68. Nb5+ Qxb5 69. Qd4+ Qbb6 70. Qxb6+ Qxb6+ 71. Kf4 Bd5 72. Ke5 Qe3+ 73. Kxd5 Qxg3 0-1


[Site "https://www.chess.com"]

[Event "Titled Tuesday Blitz June 28 Late 2022"]
[White "Glavina, Pablo"]
[Black "Jessel, Stephen"]
[WhiteFideId "100234"]
[BlackFideId "628859"]
[WhiteElo "2369"]
[BlackElo "2268"]
[Result "1-0"]
[Round "01"]
[TimeControl "180+1"]
[Date "2022.06.29"]
[WhiteClock "0:01:22"]
[BlackClock "0:00:02"]

1. c4 b6 2. Nf3 Bb7 3. g3 Bxf3 4. exf3 c5 5. b3 Nc6 6. Bb2 e6 7. Bg2 Nge7 8. O-O Nf5 9. f4 Be7 10. d3 Bf6 11. Qc2 Rc8 12. Nc3 O-O 13. Ne4 Bxb2 14. Qxb2 Ncd4 15. Nd2 Rc7 16. Rae1 h5 17. Bh3 Qf6 18. Kg2 Qg6 19. Bxf5 Qxf5 20. Re3 d5 21. Nf3 dxc4 22. dxc4 Rd8 23. Rfe1 Nc2 24. Ne5 f6 25. Nf3 Rd6 26. Nh4 Nxe1+ 27. Rxe1 Qd3 28. Nf3 Rcd7 29. Re3 Qd1 30. Re1 Qd3 31. Re3 Qg6 32. Qe2 Qe8 33. Nh4 Rd2 34. Qf3 R7d6 35. Nf5 Rd7 36. Nh4 R7d6 37. Nf5 Rd7 38. Qc6 Kf7 39. Nh4 R2d6 40. Qf3 Kf8 41. Nf5 Rd2 42. Nh4 Re7 43. f5 e5 44. Ng6+ Kf7 45. Qxh5 Qc6+ 46. Kh3 Rxf2 47. Nxe5+ 1-0


[Site "https://www.chess.com"]

[Event "Titled Tuesday Blitz June 28 Late 2022"]
[White "Goncalves, Davi Sulzbacher"]
[Black "Rasulov, Vugar"]
[WhiteFideId "2154510"]
[BlackFideId "13402390"]
[WhiteElo "2107"]
[BlackElo "2560"]
[Result "0-1"]
[Round "01"]
[TimeControl "180+1"]
[Date "2022.06.28"]
[WhiteClock "0:00:36"]
[BlackClock "0:01:29"]

1. d4 Nf6 2. c4 e6 3. Nf3 Bb4+ 4. Bd2 a5 5. g3 b6 6. Bg2 Bb7 7. O-O O-O 8. Bf4 Be7 9. Nc3 Ne4 10. Qc2 Nxc3 11. bxc3 d6 12. Ng5 Bxg5 13. Bxb7 Ra7 14. Bxg5 Qxg5 15. Be4 h6 16. f4 Qf6 17. Rad1 Nd7 18. Bc6 Qe7 19. Qa4 Nf6 20. e4 e5 21. Rde1 h5 22. Qd1 h4 23. g4 exf4 24. Rxf4 Nh7 25. Ref1 Ng5 26. Qd3 g6 27. Kg2 Kg7 28. h3 f6 29. R1f2 a4 30. a3 Ra5 31. Bb5 c5 32. Bc6 Ne6 33. R4f3 Ng5 34. Rf4 Ra7 35. Bd5 Rc7 36. Qe3 Kh6 37. Rf1 Kg7 38. e5 dxe5 39. dxe5 Nh7 40. exf6+ Rxf6 41. Rxf6 Qxe3 0-1


[Site "https://www.chess.com"]

[Event "Titled Tuesday Blitz June 28 Late 2022"]
[White "Gurevich, Dmitry"]
[Black "Gardezi, Arsal"]
[WhiteFideId "2000407"]
[BlackFideId "30949521"]
[WhiteElo "2506"]
[BlackElo "1781"]
[Result "1-0"]
[Round "01"]
[TimeControl "180+1"]
[Date "2022.06.29"]
[WhiteClock "0:00:22"]
[BlackClock "0:00:03"]

1. d4 d5 2. c4 c6 3. cxd5 cxd5 4. Bg5 Nc6 5. Qd2 Nf6 6. Bxf6 exf6 7. e3 a6 8. Nc3 Bf5 9. Rc1 Bb4 10. Nge2 O-O 11. Ng3 Bg6 12. Bd3 Re8 13. O-O Rc8 14. a3 Bd6 15. b4 b5 16. Nce2 Qd7 17. Rc3 Rc7 18. Rfc1 Rec8 19. h3 Ne7 20. Rxc7 Rxc7 21. Rxc7 Qxc7 22. Nf1 Nc8 23. Bxg6 hxg6 24. Qc3 Qb7 25. Nd2 Nb6 26. Nb3 Nc4 27. Nc5 Qc6 28. Nc1 Bb8 29. N1d3 Qd6 30. Kf1 Bc7 31. Ke2 g5 32. g3 Bb8 33. Qb3 Qc6 34. a4 Qc8 35. axb5 axb5 36. g4 Nb6 37. Qa2 f5 38. Qa6 Qxa6 39. Nxa6 Bd6 40. gxf5 Kf8 41. Nac5 Ke7 42. f3 Kf6 43. e4 dxe4 44. fxe4 Ke7 45. Kf3 Bb8 46. Kg4 f6 47. Kh5 1-0


[Site "https://www.chess.com"]

[Event "Titled Tuesday Blitz June 28 Late 2022"]
[White "Hakobyan, Aram"]
[Black "Oye-Stromberg, Alexander"]
[WhiteFideId "13306677"]
[BlackFideId "1525999"]
[WhiteElo "2557"]
[BlackElo "1958"]
[Result "1-0"]
[Round "01"]
[TimeControl "180+1"]
[Date "2022.06.28"]
[WhiteClock "0:00:22"]
[BlackClock "0:00:11"]

1. d4 Nf6 2. c4 e6 3. Nf3 d5 4. Nc3 c6 5. Bg5 Nbd7 6. e3 Qa5 7. Nd2 dxc4 8. Bxf6 Nxf6 9. Nxc4 Qc7 10. g3 Be7 11. Bg2 O-O 12. O-O Bd7 13. Rc1 Rfd8 14. Qb3 Be8 15. Rfd1 Rac8 16. e4 Qb8 17. Ne3 e5 18. Nf5 Bf8 19. dxe5 Qxe5 20. Qxb7 g6 21. Ne3 Bc5 22. Rxd8 Rxd8 23. Ncd1 Nxe4 24. Bxe4 Bxe3 25. Nxe3 Qxe4 26. Qxa7 Rd2 27. Qb8 Kg7 28. Re1 c5 29. Ng2 Qf5 30. Qf4 Qxf4 31. Nxf4 Bc6 32. b3 Rxa2 33. Rc1 Rb2 34. Nd3 Rxb3 35. Nxc5 Rb8 36. Nd3 Bf3 37. Ne5 Be4 38. f3 Bd5 39. Rc5 Be6 40. Nd3 Rb1+ 41. Kf2 Rd1 42. Nf4 Rd6 43. h4 h5 44. Rc7 Ra6 45. Ke3 Ra3+ 46. Kd4 Ra4+ 47. Ke5 Ra5+ 48. Kd4 Kf6 49. Rc3 Ra4+ 50. Ke3 Ra5 51. Ne2 Re5+ 52. Kf2 Rf5 53. Nd4 Re5 54. Rc6 Ke7 55. Rb6 Rd5 56. Ne2 Kf6 57. Nf4 Re5 58. Rd6 Kf5 59. Rd2 Kf6 60. Ng2 Kf5 61. Ne3+ Kf6 62. Rd4 Ra5 63. Rf4+ Kg7 64. Rd4 Ra2+ 65. Ke1 Ra1+ 66. Rd1 Ra3 67. Ke2 Ra2+ 68. Rd2 Rxd2+ 69. Kxd2 Kf6 70. Kd3 Ke5 71. f4+ Kf6 72. Kd4 Bh3 73. Kd5 Be6+ 74. Kd6 Bb3 75. Kc5 Kg7 76. Kd6 Kf6 77. Kc6 Ba2 78. Kc5 Bb3 79. Kb4 Ba2 80. Kc3 Be6 81. Kd4 Ba2 82. Ke4 Bb3 83. f5 gxf5+ 84. Kf4 Be6 85. Ng2 Kg6 86. Ne1 Kf6 87. Nf3 Bd5 88. Nd4 Be4 89. Nb3 Bc2 90. Nc5 Be4 91. Nb3 Bc2 92. Nd2 Bd1 93. Nc4 Be2 94. Ne3 Bg4 95. Nd5+ Kg6 96. Ke5 Kg7 97. Nf4 Bf3 98. Kxf5 Bg4+ 99. Ke5 Bf3 100. Nd3 Bd1 101. Nc5 Bg4 102. Ne4 Kg6 103. Kf4 Bd1 104. Nc5 Be2 105. Nb3 Bd1 106. Nd4 Bg4 107. Nc6 Bd1 108. Ne5+ Kg7 109. Nc4 Kg6 110. Ne3 Be2 111. Nd5 Bd1 112. Ke5 Bg4 113. Nf4+ Kg7 114. Ng2 Bf3 115. Ne3 Be2 116. Kf5 Bf3 117. Kf4 Be2 118. Kg5 Bf3 119. Nf5+ Kh7 120. Kf6 Kg8 121. Nh6+ Kf8 122. Nxf7 Bd1 123. Ne5 Kg8 124. Ng6 Kh7 125. Nf4 Kh6 126. Nd5 Bg4 127. Ne7 Bd1 128. Nf5+ Kh7 129. Kg5 Be2 130. Ne3 Bf3 131. Nc4 Kg7 132. Ne5 Be2 133. Ng6 Kf7 134. Nf4 Bd1 135. Nxh5 Be2 136. Nf4 Bd1 137. h5 Kg8 138. h6 Kh7 139. Nd5 Be2 140. Nf6+ Kh8 141. Kf4 Bd1 142. Kf5 Bc2+ 143. Kg5 Bb1 144. Nd5 Bc2 145. g4 Bb1 146. Kh4 Kh7 147. g5 Kg6 148. Nf4+ Kh7 149. Kg3 Bc2 150. Kf2 Bf5 151. Ke3 Bb1 152. Kd4 Bc2 153. Ke5 Bb1 154. Kf6 Bc2 155. Kf7 Bb1 156. Ng2 Bg6+ 157. Kf6 Bb1 158. Ne3 Bd3 159. Nd5 Bb1 160. Nb6 Bc2 161. Nd7 Bb1 162. Nf8+ Kh8 163. g6 Kg8 164. h7+ Kxf8 165. h8=Q# 1-0


[Site "https://www.chess.com"]

[Event "Titled Tuesday Blitz June 28 Late 2022"]
[White "Herman, Daniel"]
[Black "Samsonkin, Artiom"]
[WhiteFideId "30935008"]
[BlackFideId "13503111"]
[WhiteElo "2406"]
[BlackElo "2739"]
[Result "0-1"]
[Round "01"]
[TimeControl "180+1"]
[Date "2022.06.29"]
[WhiteClock "0:00:04"]
[BlackClock "0:00:04"]

1. c4 Nf6 2. g3 e6 3. Bg2 g6 4. Nf3 Bg7 5. O-O b6 6. Ne5 c6 7. Nc3 Bb7 8. d4 d6 9. Nd3 Nbd7 10. e4 e5 11. d5 Qe7 12. b3 O-O 13. Ba3 Nc5 14. Nxc5 bxc5 15. b4 cxb4 16. Bxb4 cxd5 17. cxd5 Ba6 18. Re1 Rfc8 19. Qa4 Bc4 20. Rec1 a5 21. Ba3 Bh6 22. Nb5 Bxc1 23. Rxc1 Bxb5 24. Rxc8+ Rxc8 25. Qxb5 h5 26. Qxa5 Rc2 27. f3 Kh7 28. h4 Qb7 29. Qb4 Qa7+ 30. Kh2 Qf2 0-1


[Site "https://www.chess.com"]

[Event "Titled Tuesday Blitz June 28 Late 2022"]
[White "Hu, Merric"]
[Black "Clarke, Brandon G I"]
[WhiteFideId "30906660"]
[BlackFideId "400319"]
[WhiteElo "1912"]
[BlackElo "2414"]
[Result "1-0"]
[Round "01"]
[TimeControl "180+1"]
[Date "2022.06.28"]
[WhiteClock "0:00:43"]
[BlackClock "0:00:04"]

1. e4 e6 2. Nf3 d5 3. d3 Nf6 4. exd5 exd5 5. g3 Bd6 6. Qe2+ Be6 7. Bg2 O-O 8. O-O Re8 9. Bg5 h6 10. Bxf6 Qxf6 11. c3 c5 12. Nbd2 Nc6 13. Qd1 Bf5 14. d4 c4 15. Nh4 Bd3 16. Re1 g5 17. Nhf3 b5 18. Nf1 h5 19. Ne3 Be4 20. Nd2 Bxg2 21. Kxg2 Ne7 22. Qxh5 Kg7 23. Ng4 Qg6 24. Qxg6+ Nxg6 25. Nf3 f6 26. Ne3 Ne7 27. h3 Kf7 28. h4 gxh4 29. Nxh4 b4 30. Nhf5 Nxf5 31. Nxf5 Bf8 32. Ne3 Rad8 33. Rh1 Ke6 34. Rh7 Re7 35. Rah1 Rb8 36. Rxe7+ Bxe7 37. Rh5 Rb5 38. Kf3 Ra5 39. cxb4 Rxa2 40. Nxd5 Rxb2 41. Nxe7 Kxe7 42. Rc5 Rxb4 43. Ke4 Kd6 44. Kf5 Rb3 45. Kxf6 Rf3+ 46. Kg5 Rxf2 47. Rxc4 Rf8 48. Ra4 Rg8+ 49. Kf4 Kd5 50. g4 Rf8+ 51. Kg5 Rg8+ 52. Kh4 Rh8+ 53. Kg3 Rh7 54. g5 Ke4 55. Kg4 Rh1 56. g6 Rg1+ 57. Kh5 Kf5 58. Ra5+ Kf6 59. Ra6+ Kf5 60. Kh6 Rg4 61. Kg7 Rxd4 62. Kf8 Rd8+ 63. Ke7 Ra8 64. g7 Ke5 65. Kf7 Kd5 66. g8=Q Rxg8 67. Kxg8 Kc5 68. Rxa7 1-0


[Site "https://www.chess.com"]

[Event "Titled Tuesday Blitz June 28 Late 2022"]
[White "Huber, Benedikt"]
[Black "Makarian, Rudik"]
[WhiteFideId "12923583"]
[BlackFideId "44105681"]
[WhiteElo "2431"]
[BlackElo "2775"]
[Result "0-1"]
[Round "01"]
[TimeControl "180+1"]
[Date "2022.06.29"]
[WhiteClock "0:00:55"]
[BlackClock "0:01:30"]

1. d4 Nf6 2. Nc3 d6 3. e4 e5 4. Nf3 Nbd7 5. Bc4 Be7 6. h3 O-O 7. O-O c6 8. a4 Qc7 9. Re1 h6 10. a5 Re8 11. Nh4 exd4 12. Qxd4 Ne5 13. Nf5 Bxf5 14. exf5 Nxc4 15. Qxc4 d5 16. Qd3 Bc5 17. Bd2 Re5 18. Ne2 Ne4 19. Nd4 Bxd4 20. Qxd4 Rxf5 21. Be3 Nd6 22. Bf4 Nb5 23. Bxc7 Nxd4 24. Rac1 Ne6 25. Bg3 d4 26. b4 Rb5 27. Rb1 Rd8 28. Red1 a6 29. Kf1 f6 30. Ke2 Kf7 31. Kd3 g5 32. Re1 h5 33. h4 gxh4 34. Bxh4 Nf4+ 35. Kd2 Nxg2 36. Bg3 Nxe1 37. Rxe1 Rxb4 38. Bc7 Re8 39. Bb6 0-1


[Site "https://www.chess.com"]

[Event "Titled Tuesday Blitz June 28 Late 2022"]
[White "Ingebretsen, Jens E"]
[Black "Antonova, Nadezhda"]
[WhiteFideId "1522965"]
[BlackFideId "14700182"]
[WhiteElo "2036"]
[BlackElo "1746"]
[Result "1-0"]
[Round "01"]
[TimeControl "180+1"]
[Date "2022.06.29"]
[WhiteClock "0:00:26"]
[BlackClock "0:00:00"]

1. e4 c5 2. Ne2 d6 3. g3 Nf6 4. Bg2 g6 5. O-O Bg7 6. c3 c4 7. b3 cxb3 8. axb3 O-O 9. d4 Nc6 10. Na3 e5 11. d5 Ne7 12. Nc4 b6 13. Ba3 Ne8 14. Bb4 Qc7 15. Na3 Bd7 16. c4 f5 17. Nc3 a6 18. Nc2 fxe4 19. Nxe4 Nf5 20. Qc1 Nf6 21. Nxf6+ Bxf6 22. Ne3 Nd4 23. Qb2 a5 24. Bc3 Rae8 25. Rae1 Bg7 26. f4 Qc5 27. fxe5 Bxe5 28. Rxf8+ Rxf8 29. Kh1 Nf3 30. Bxf3 Bxc3 31. Qxc3 Rxf3 32. Kg2 Rf8 33. Rf1 Rxf1 34. Nxf1 a4 35. bxa4 Bxa4 36. Ne3 b5 37. Ng4 Qxc4 38. Nh6+ Kf8 39. Qh8+ Ke7 40. Qxh7+ Kd8 41. Nf7+ Kc7 42. Ne5+ Kb6 43. Nxc4+ bxc4 44. Qxg6 Kc5 45. Qb1 Bb3 46. Qc1 Kxd5 47. h4 Kd4 48. h5 c3 49. h6 Bg8 50. g4 Kd3 51. g5 Bh7 52. Kg3 d5 53. Kf4 d4 54. Ke5 Kc4 55. Kf6 d3 56. g6 d2 57. Qf1+ Kb3 58. Qd1+ 1-0


[Site "https://www.chess.com"]

[Event "Titled Tuesday Blitz June 28 Late 2022"]
[White "Ipek, Egehan"]
[Black "Yaksin, Oleg"]
[WhiteFideId "44523793"]
[BlackFideId "24105880"]
[WhiteElo "1413"]
[BlackElo "2256"]
[Result "1-0"]
[Round "01"]
[TimeControl "180+1"]
[Date "2022.06.29"]
[WhiteClock "0:00:05"]
[BlackClock "0:00:02"]

1. c4 Nf6 2. Nf3 e6 3. g3 d5 4. Bg2 Be7 5. O-O O-O 6. d4 c6 7. Nc3 b6 8. Qc2 Bb7 9. b3 Nbd7 10. e4 dxe4 11. Nxe4 c5 12. Nxf6+ Bxf6 13. Bb2 cxd4 14. Nxd4 Bxg2 15. Kxg2 Qc7 16. Qe4 Nc5 17. Qf3 Rad8 18. Nb5 Qe7 19. Bxf6 gxf6 20. Rad1 a6 21. Nd4 Qb7 22. Qxb7 Nxb7 23. Nc6 Ra8 24. b4 Kg7 25. Rd7 Nd8 26. Nd4 f5 27. Re1 Kf6 28. Nb3 Rc8 29. c5 Nc6 30. a3 Rb8 31. cxb6 Rxb6 32. Nc5 Rbb8 33. Rd6 Ne5 34. Rxa6 Rfd8 35. Ra7 Nc4 36. Rc1 Nd6 37. Na6 f4 38. Nxb8 Rxb8 39. Rcc7 f3+ 40. Kxf3 Ke5 41. Kg2 f5 42. Ra5+ Ke4 43. Rc6 Nf7 44. Rxe6+ Kd4 45. Rf6 Ne5 46. Rxf5 Nc4 47. Rfd5+ Kc3 48. Rac5 Re8 49. Rh5 Re2 50. Rh4 Kb3 51. Rhxc4 Rd2 52. Rc3+ Ka4 53. Ra5# 1-0


[Site "https://www.chess.com"]

[Event "Titled Tuesday Blitz June 28 Late 2022"]
[White "Isanzhulov, Arystan"]
[Black "Garagulya, Konstantin"]
[WhiteFideId "13711644"]
[BlackFideId "4128931"]
[WhiteElo "2293"]
[BlackElo "2329"]
[Result "1/2-1/2"]
[Round "01"]
[TimeControl "180+1"]
[Date "2022.06.28"]
[WhiteClock "0:00:11"]
[BlackClock "0:00:05"]

1. d4 d5 2. Nf3 Nf6 3. Bf4 c6 4. c3 Qb6 5. Qb3 Bf5 6. e3 e6 7. Nbd2 Nh5 8. Be5 f6 9. Bg3 Nxg3 10. hxg3 h6 11. Nh4 Bh7 12. Be2 Qxb3 13. axb3 g5 14. Bh5+ Kd7 15. Ng6 Bxg6 16. Bxg6 Na6 17. g4 Nc7 18. Ke2 e5 19. Bf5+ Kd6 20. g3 Bg7 21. b4 Rhe8 22. Kd3 Re7 23. Nb3 Nb5 24. Nc5 Rae8 25. Bg6 Rb8 26. Kd2 Ra8 27. Ra2 Kc7 28. Bd3 Nd6 29. Rha1 a6 30. b3 Rae8 31. Rh1 Rf8 32. Bf5 Rfe8 33. Raa1 exd4 34. cxd4 Nb5 35. Rhc1 Nd6 36. Kd3 Rh8 37. Bg6 Rf8 38. Rc2 f5 39. gxf5 Nxf5 40. b5 axb5 41. Ra7 Kb6 42. Rca2 Nd6 43. f4 Rf6 44. Bh5 Ne4 45. b4 Nxg3 46. Bg4 Ne4 47. Bc8 Nd6 48. Bd7 gxf4 49. R2a6+ bxa6 50. Rxa6+ Kc7 51. exf4 Kb8 52. Rb6+ Kc7 53. Ra6 Rxf4 54. Rxc6+ Kb8 55. Rb6+ Kc7 56. Rc6+ Kb8 57. Rxd6 Rf3+ 58. Kd2 Rf2+ 59. Kd1 Rf1+ 60. Kd2 Rf3 61. Bxb5 Rf2+ 62. Kd1 Bxd4 63. Rb6+ Kc7 64. Rc6+ Kd8 65. Rd6+ Kc7 66. Rc6+ Kb8 67. Rb6+ Ka7 68. Ra6+ Kb8 69. Rb6+ 1/2-1/2


[Site "https://www.chess.com"]

[Event "Titled Tuesday Blitz June 28 Late 2022"]
[White "Jarmula, Lukasz"]
[Black "Caputcuoglu, Zeki Berke"]
[WhiteFideId "1160664"]
[BlackFideId "34548610"]
[WhiteElo "2246"]
[BlackElo "1368"]
[Result "1-0"]
[Round "01"]
[TimeControl "180+1"]
[Date "2022.06.29"]
[WhiteClock "0:02:01"]
[BlackClock "0:01:44"]

1. d4 Nf6 2. Bf4 d5 3. e3 c5 4. Nf3 e6 5. Nbd2 Bd6 6. Ne5 Qc7 7. c3 Nfd7 8. Nxd7 Nxd7 9. Bg3 O-O 10. Bd3 b6 11. O-O Bxg3 12. hxg3 e5 13. dxc5 Nxc5 14. Bc2 Be6 15. Qe2 Rad8 16. Rad1 d4 17. exd4 exd4 18. cxd4 Rxd4 19. a3 Rfd8 20. b4 Nd3 21. Nf3 Nf4 22. gxf4 Rxf4 23. Qe5 Qxe5 24. Rxd8# 1-0


[Site "https://www.chess.com"]

[Event "Titled Tuesday Blitz June 28 Late 2022"]
[White "Jeet, Jain"]
[Black "Sanchez, Robert"]
[WhiteFideId "5073022"]
[BlackFideId "2034360"]
[WhiteElo "2055"]
[BlackElo "2096"]
[Result "1-0"]
[Round "01"]
[TimeControl "180+1"]
[Date "2022.06.29"]
[WhiteClock "0:01:40"]
[BlackClock "0:00:47"]

1. d4 d5 2. Nf3 e6 3. e3 Be7 4. Bd3 Nf6 5. O-O O-O 6. b3 c6 7. Bb2 Nbd7 8. Ne5 Nxe5 9. dxe5 Nd7 10. f4 b6 11. Nd2 Nc5 12. Be2 f6 13. Nf3 f5 14. Nd4 Bd7 15. g4 g6 16. Kg2 Ne4 17. g5 Bxg5 18. fxg5 Qxg5+ 19. Kh1 Qxe3 20. Qe1 c5 21. Nf3 Qh6 22. Bc1 Qg7 23. Qh4 h5 24. Ng5 Qxe5 25. Bf4 Qc3 26. Rg1 d4 27. Nxe4 Bc6 28. Rxg6+ Kf7 29. Qf6+ Ke8 30. Qxe6+ 1-0


[Site "https://www.chess.com"]

[Event "Titled Tuesday Blitz June 28 Late 2022"]
[White "Jobava, Baadur"]
[Black "Ahn, Hongjin"]
[WhiteFideId "13601520"]
[BlackFideId "13201492"]
[WhiteElo "2617"]
[BlackElo "1873"]
[Result "1-0"]
[Round "01"]
[TimeControl "180+1"]
[Date "2022.06.28"]
[WhiteClock "0:01:53"]
[BlackClock "0:00:26"]

1. b3 d5 2. Bb2 Nf6 3. g3 g6 4. Bg2 Bg7 5. d3 O-O 6. Nd2 c5 7. e4 d4 8. Ne2 Nc6 9. O-O a5 10. a4 e5 11. Nc4 Qe7 12. h3 Nh5 13. Ba3 Be6 14. f4 Bxc4 15. bxc4 exf4 16. gxf4 Bh6 17. e5 Nb4 18. Bxb4 axb4 19. Qe1 f6 20. e6 Kh8 21. Bd5 Ra6 22. f5 Be3+ 23. Kh1 gxf5 24. Qh4 Ng7 25. Nf4 Bxf4 26. Rxf4 Nxe6 27. Re1 Qd7 28. Rxf5 Ng5 29. Ref1 Qg7 30. Qxg5 fxg5 31. Rxf8+ Qxf8 32. Rxf8+ Kg7 33. Rf7+ Kh6 34. Rxb7 Rxa4 35. Be4 g4 36. h4 1-0


[Site "https://www.chess.com"]

[Event "Titled Tuesday Blitz June 28 Late 2022"]
[White "Jorajuria Mendoza, Algol"]
[Black "Romanchuk, Viktor"]
[WhiteFideId "5128897"]
[BlackFideId "14109271"]
[WhiteElo "1600"]
[BlackElo "2242"]
[Result "1/2-1/2"]
[Round "01"]
[TimeControl "180+1"]
[Date "2022.06.29"]
[WhiteClock "0:00:11"]
[BlackClock "0:00:12"]

1. e4 e6 2. d4 d5 3. Nc3 dxe4 4. Nxe4 Nd7 5. g3 Ngf6 6. Bg2 Nxe4 7. Bxe4 Nf6 8. Bg2 e5 9. Nf3 e4 10. Ne5 Bd6 11. O-O O-O 12. Bg5 Re8 13. Re1 Bf5 14. f3 exf3 15. Qxf3 Bc8 16. Rad1 h6 17. Bxf6 Qxf6 18. Qxf6 gxf6 19. Nc4 Rxe1+ 20. Rxe1 Kf8 21. Nxd6 cxd6 22. Bd5 Rb8 23. Kf2 Bd7 24. c3 b6 25. Kf3 Re8 26. Rxe8+ Bxe8 27. Kf4 Bd7 28. Be4 Bc8 29. Bf5 Bb7 30. Bd7 Bd5 31. a3 Ke7 32. Bb5 Be6 33. Bd3 Kf8 34. Bf5 Bd5 35. Kg4 Kg7 36. Kh5 Bf3+ 37. Bg4 Be4 38. Be2 Bg6+ 39. Kg4 Be4 40. Kf4 Bd5 41. Bf3 Be6 42. Be4 Kf8 43. Bf5 Bd5 44. Be4 Be6 45. Bf5 1/2-1/2


[Site "https://www.chess.com"]

[Event "Titled Tuesday Blitz June 28 Late 2022"]
[White "Jorquera, Marcelo"]
[Black "Tatarinov, Dmitry"]
[WhiteFideId "3401197"]
[BlackFideId "24160067"]
[WhiteElo "2136"]
[BlackElo "2302"]
[Result "0-1"]
[Round "01"]
[TimeControl "180+1"]
[Date "2022.06.29"]
[WhiteClock "0:00:03"]
[BlackClock "0:00:37"]

1. e4 e5 2. Nc3 Nf6 3. g3 Nc6 4. Bg2 Bc5 5. d3 d6 6. Na4 O-O 7. h3 a5 8. Nxc5 dxc5 9. Ne2 b6 10. O-O Nd4 11. f4 Nd7 12. f5 Ba6 13. b3 a4 14. g4 f6 15. Ng3 Kf7 16. g5 Ke7 17. Qh5 Kd6 18. Rf2 Qe7 19. Be3 Bb7 20. c3 axb3 21. cxd4 cxd4 22. Bc1 Nc5 23. Qd1 fxg5 24. a4 h6 25. Ba3 Kd7 26. Bxc5 Qxc5 27. Qxb3 Qd6 28. Rc2 Ra5 29. Rac1 c5 30. f6 Rxf6 31. Nf5 Qe6 32. Qb2 g6 33. Rxc5 Rxc5 34. Rxc5 gxf5 35. exf5 Qd6 36. Rb5 Bxg2 37. Kxg2 Qc6+ 38. Kg1 Kc7 39. a5 bxa5 40. Rxa5 Rxf5 41. Ra7+ Kc8 42. Ra1 e4 43. Rc1 Rc5 44. Rxc5 Qxc5 45. dxe4 d3+ 46. Kh1 Qc2 47. Qh8+ Kb7 48. Qg7+ Ka6 49. Qxh6+ Kb5 50. Qxg5+ Ka4 51. Qd5 d2 52. Qa8+ Kb3 53. Qb7+ Ka2 54. Qa6+ Kb1 55. Qb5+ Kc1 56. Qf1+ d1=Q 0-1


[Site "https://www.chess.com"]

[Event "Titled Tuesday Blitz June 28 Late 2022"]
[White "Kaasen, Tor Fredrik"]
[Black "Tomaszewski, Kacper"]
[WhiteFideId "1516647"]
[BlackFideId "1127373"]
[WhiteElo "2771"]
[BlackElo "2425"]
[Result "0-1"]
[Round "01"]
[TimeControl "180+1"]
[Date "2022.06.29"]
[WhiteClock "0:00:51"]
[BlackClock "0:00:50"]

1. d4 d5 2. c4 e6 3. Nf3 Nf6 4. Bg5 Be7 5. Nc3 h6 6. Bxf6 Bxf6 7. e3 c6 8. Rc1 O-O 9. Bd3 Nd7 10. O-O g6 11. e4 dxe4 12. Nxe4 Bg7 13. Qc2 Nf6 14. Rfd1 Nxe4 15. Bxe4 Qf6 16. b3 Rd8 17. h4 h5 18. Rd3 Bd7 19. Ne5 Be8 20. Rf3 Qxh4 21. g3 Qg5 22. Rd1 Bxe5 23. dxe5 Rxd1+ 24. Qxd1 Qxe5 25. Bc2 Qg5 26. Rf4 Rd8 27. Qe2 e5 28. Re4 Rd2 29. Qe1 Rxc2 30. Rxe5 Rc1 31. Rxe8+ Kh7 32. Kg2 Rxe1 33. Rxe1 Qd2 34. Re7 Kg7 35. a3 Qd6 36. Rxb7 Qxa3 37. f4 a5 38. Rb6 c5 39. Rb5 Kf6 40. Kh3 Kf5 41. Rb7 f6 42. Rb5 Ke4 43. Rb6 Kf3 44. Rd6 Qxb3 45. f5 g5 46. Rd2 Qxc4 47. Kh2 h4 48. g4 Qf4+ 49. Kh3 Qg3# 0-1


[Site "https://www.chess.com"]